PL
WIZARDING EXPRESS @ AUSTIN RANGERS
04/24/2027
 
TOP OF THE 1ST
Wizarding Express batting - Pitching for Austin Rangers : RHP Art Adams
Pitching: RHP Art Adams
Batting: RHB António Martínez 0-0: Ball
1-0: Called Strike
1-1: Foul Ball, location: 2F
1-2: Fly out, F9 (Line Drive, 9D)
Batting: LHB José Corona 0-0: Called Strike
0-1: Ball
1-1: Called Strike
1-2: Foul Ball, location: 2F
1-2: Ball
2-2: Foul Ball, location: 2F
2-2: Foul Ball, location: 2F
2-2: Fly out, F8 (Flyball, 8LM)
Batting: RHB Chi-ju Zhang 0-0: Swinging Strike
0-1: Ball
1-1: DOUBLE (Line Drive, 89D)
Batting: LHB Nathan Tanner 0-0: Ball
1-0: Called Strike
1-1: Fly out, F7 (Flyball, 7S)
Top of the 1st over - 0 run(s), 1 hit(s), 0 error(s), 1 left on base; Wizarding 0 - Austin 0
BOTTOM OF THE 1ST
Austin Rangers batting - Pitching for Wizarding Express : RHP Kenny Koehler
Pitching: RHP Kenny Koehler
Batting: RHB Miguel Morán 0-0: Ball
1-0: Ball
2-0: Called Strike
2-1: Ball
3-1: Fly out, F6 (Popup, 56D)
Batting: SHB Xavier Vásquez 0-0: Ball
1-0: Ball
2-0: SINGLE (Groundball, 4MD)
Batting: LHB Yun Yen 0-0: Ball
1-0: Ball
2-0: Foul Ball, location: 2F
2-1: Ball
3-1: Called Strike
3-2: Base on Balls
Xavier Vásquez to second
Batting: LHB Count Dante 0-0: Called Strike
0-1: Ball
1-1: Fielders Choice at 2nd, 6-4 (Groundball, 6)
Xavier Vásquez to third
Batting: RHB Jeff Green 0-0: Ball
1-0: Ball
2-0: Swinging Strike
2-1: DOUBLE (Line Drive, 7LD)
Xavier Vásquez scores
Count Dante to third
Runner from 3rd tries for Home, SAFE, no throw
Batting: LHB Jesús Reyes 0-0: Called Strike
0-1: Foul Ball, location: 2F
0-2: Strikes out swinging
Bottom of the 1st over - 2 run(s), 2 hit(s), 0 error(s), 1 left on base; Wizarding 0 - Austin 2
TOP OF THE 2ND
Wizarding Express batting - Pitching for Austin Rangers : RHP Art Adams
Batting: SHB Salvador Trevino 0-0: Ball
1-0: Foul Ball, location: 2F
1-1: Ball
2-1: Foul Ball, location: 2F
2-2: Foul Ball, location: 2F
2-2: Strikes out swinging
Batting: LHB Kyung-chor Pang 0-0: Foul Ball, location: 2F
0-1: Ground out 3-1 (Groundball, 34)
Batting: LHB Júlio Valentín 0-0: Called Strike
0-1: Ball
1-1: Foul Ball, location: 2F
1-2: Ball
2-2: Fly out, F8 (Flyball, 8LS)
Top of the 2nd over - 0 run(s), 0 hit(s), 0 error(s), 0 left on base; Wizarding 0 - Austin 2
BOTTOM OF THE 2ND
Austin Rangers batting - Pitching for Wizarding Express : RHP Kenny Koehler
Batting: RHB Tony Hernández 0-0: Ball
1-0: Ball
2-0: Called Strike
2-1: Ball
3-1: Foul Ball, location: 2F
3-2: SINGLE (Line Drive, 4D)
Batting: RHB Matt Sheppard 0-0: SINGLE (Groundball, 34D)
Tony Hernández to second
Runner from 2nd tries for 3rd, SAFE, no throw
Batting: RHB José Muńóz 0-0: Ball
Wild Pitch!
Tony Hernández scores
Matt Sheppard to second
1-0: Ball
2-0: Ball
3-0: Base on Balls
Batting: RHB Miguel Morán 0-0: Swinging Strike
0-1: Foul Ball, location: 2F
0-2: Foul Ball, location: 2F
0-2: Foul Ball, location: 2F
0-2: Ground out U3 (Groundball, 34S)
Matt Sheppard to third
José Muńóz to second
Batting: SHB Xavier Vásquez 0-0: Single, Error in OF, E7, batter to second base
Matt Sheppard scores
José Muńóz scores
Batting: LHB Yun Yen 0-0: Foul Ball, location: 2F
0-1: Foul Ball, location: 2F
0-2: Fly out, F9 (Line Drive, 9S)
Batting: LHB Count Dante 0-0: Called Strike
0-1: Called Strike
0-2: Ball
1-2: Ball
2-2: Fly out, F8 (Flyball, 8LD)
Bottom of the 2nd over - 3 run(s), 3 hit(s), 1 error(s), 1 left on base; Wizarding 0 - Austin 5
TOP OF THE 3RD
Wizarding Express batting - Pitching for Austin Rangers : RHP Art Adams
Batting: RHB Roy Herring 0-0: Foul Ball, location: 2F
0-1: Ball
1-1: Foul Ball, location: 2F
1-2: Ball
2-2: Fly out, F6 (Popup, 56D)
Batting: RHB Turner Coleman 0-0: Swinging Strike
0-1: Called Strike
0-2: Ball
1-2: Ball
2-2: Hit by Pitch
Batting: RHB António Martínez 0-0: Ball
1-0: Ball
2-0: Ball
3-0: Called Strike
3-1: Foul Ball, location: 2F
3-2: Fly out, F8 (Line Drive, 8LS)
Batting: LHB José Corona 0-0: Ball
1-0: Ball
2-0: Ball
3-0: Called Strike
3-1: Swinging Strike
3-2: Strikes out looking
Top of the 3rd over - 0 run(s), 0 hit(s), 0 error(s), 1 left on base; Wizarding 0 - Austin 5
BOTTOM OF THE 3RD
Austin Rangers batting - Pitching for Wizarding Express : RHP Kenny Koehler
Batting: RHB Jeff Green 0-0: Ball
1-0: SINGLE (Groundball, 6MD)
Batting: LHB Jesús Reyes 0-0: Ball
1-0: Ball
2-0: Ball
3-0: Called Strike
3-1: Swinging Strike
3-2: Strikes out swinging
Batting: RHB Tony Hernández 0-0: Ball
1-0: Ball
2-0: Ball
3-0: Base on Balls
Jeff Green to second
Batting: RHB Matt Sheppard 0-0: Ball
1-0: Ball
2-0: Called Strike
2-1: DOUBLE (Line Drive, 8RD)
Jeff Green scores
Tony Hernández to third
Runner from 3rd tries for Home, SAFE, no throw
Pitching: LHP Jorge Cedeńo
Batting: RHB José Muńóz 0-0: Ball
1-0: Ball
2-0: Ball
3-0: Swinging Strike
3-1: Base on Balls
Batting: RHB Miguel Morán 0-0: Ball
1-0: Foul Ball, location: 2F
1-1: Ball
2-1: Ball
3-1: Base on Balls
Matt Sheppard to third
José Muńóz to second
Batting: SHB Xavier Vásquez 0-0: Ground out 5-3 (Groundball, 56S)
Matt Sheppard scores
José Muńóz to third
Miguel Morán to second
Batting: LHB Yun Yen 0-0: Ball
1-0: Ground out 1-3 (Groundball, 15)
Bottom of the 3rd over - 3 run(s), 2 hit(s), 0 error(s), 2 left on base; Wizarding 0 - Austin 8
TOP OF THE 4TH
Wizarding Express batting - Pitching for Austin Rangers : RHP Art Adams
Batting: RHB Chi-ju Zhang 0-0: Ball
1-0: Ball
2-0: Ball
3-0: Base on Balls
Batting: LHB Nathan Tanner 0-0: Foul Ball, location: 2F
0-1: Fielders Choice at 2nd, 3-6 (Groundball, 34)
Batting: SHB Salvador Trevino 0-0: Called Strike
0-1: Called Strike
0-2: Ball
1-2: Ball
2-2: Strikes out swinging
Batting: LHB Kyung-chor Pang 0-0: Called Strike
0-1: Ball
1-1: Called Strike
1-2: Ball
2-2: Foul Ball, location: 2F
2-2: Ball
Nathan Tanner steals 2nd base
3-2: Base on Balls
Batting: LHB Júlio Valentín 0-0: Swinging Strike
0-1: Ball
1-1: Swinging Strike
1-2: 3-RUN HOME RUN (Flyball, 89XD), Distance : 414 ft
Batting: RHB Roy Herring 0-0: Foul Ball, location: 2F
0-1: Swinging Strike
0-2: Ball
1-2: Strikes out swinging
Top of the 4th over - 3 run(s), 1 hit(s), 0 error(s), 0 left on base; Wizarding 3 - Austin 8
BOTTOM OF THE 4TH
Austin Rangers batting - Pitching for Wizarding Express : LHP Jorge Cedeńo
Batting: LHB Count Dante 0-0: Ball
1-0: Foul Ball, location: 2F
1-1: Foul Ball, location: 2F
1-2: Foul Ball, location: 2F
1-2: SINGLE (Line Drive, 7LS)
Batting: RHB Jeff Green 0-0: Foul Ball, location: 2F
0-1: Grounds into double play, 6-4-3 (Groundball, 56)
Batting: LHB Jesús Reyes 0-0: Called Strike
0-1: Ball
1-1: Ball
2-1: Called Strike
2-2: Ball
3-2: Fly out, F9 (Flyball, 9D)
Bottom of the 4th over - 0 run(s), 1 hit(s), 0 error(s), 0 left on base; Wizarding 3 - Austin 8
TOP OF THE 5TH
Wizarding Express batting - Pitching for Austin Rangers : RHP Art Adams
Pitching: RHP Gavin Blackburn
Batting: RHB Turner Coleman 0-0: Ball
1-0: Ball
2-0: Called Strike
2-1: DOUBLE (Line Drive, 7D)
Batting: RHB António Martínez 0-0: Called Strike
0-1: Foul Ball, location: 2F
0-2: Fly out, F7 (Flyball, 7)
Batting: LHB José Corona 0-0: Foul Ball, location: 2F
0-1: Foul Ball, location: 2F
0-2: Foul Ball, location: 2F
0-2: Foul Ball, location: 2F
0-2: Ball
1-2: Ball
2-2: Strikes out looking
Batting: RHB Chi-ju Zhang 0-0: Ground out 5-3 (Groundball, 56S)
Top of the 5th over - 0 run(s), 1 hit(s), 0 error(s), 1 left on base; Wizarding 3 - Austin 8
BOTTOM OF THE 5TH
Austin Rangers batting - Pitching for Wizarding Express : LHP Jorge Cedeńo
Batting: RHB Tony Hernández 0-0: Ball
1-0: Ball
2-0: Fly out, F9 (Flyball, 9S)
Batting: RHB Matt Sheppard 0-0: Ball
1-0: Fly out, F9 (Flyball, 9S)
Batting: RHB José Muńóz 0-0: Ball
1-0: Ball
2-0: Foul Ball, location: 2F
2-1: Ball
3-1: Swinging Strike
3-2: Ground out 5-3 (Groundball, 5S)
Bottom of the 5th over - 0 run(s), 0 hit(s), 0 error(s), 0 left on base; Wizarding 3 - Austin 8
TOP OF THE 6TH
Wizarding Express batting - Pitching for Austin Rangers : RHP Gavin Blackburn
Batting: LHB Nathan Tanner 0-0: Ball
1-0: Foul Ball, location: 2F
1-1: Foul Ball, location: 2F
1-2: Foul Ball, location: 2F
1-2: Foul Ball, location: 2F
1-2: Ground out 4-3 (Groundball, 4)
Batting: SHB Salvador Trevino 0-0: Ball
1-0: Foul Ball, location: 2F
1-1: Ball
2-1: Ball
3-1: Foul Ball, location: 2F
3-2: SINGLE (Groundball, 6D)
Batting: LHB Kyung-chor Pang 0-0: Ball
1-0: Ball
2-0: Ball
3-0: Base on Balls
Salvador Trevino to second
Batting: LHB Júlio Valentín 0-0: Called Strike
0-1: Ball
1-1: Ball
2-1: Ball
3-1: Foul Ball, location: 2F
3-2: Strikes out swinging
Batting: RHB Roy Herring 0-0: Ball
1-0: Ball
2-0: SINGLE (Flyball, 8RS)
Salvador Trevino to third
Kyung-chor Pang to second
Runner from 3rd tries for Home, SAFE, no throw
Batting: RHB Turner Coleman 0-0: Ball
1-0: Fly out, F6 (Popup, 5D)
Top of the 6th over - 1 run(s), 2 hit(s), 0 error(s), 2 left on base; Wizarding 4 - Austin 8
BOTTOM OF THE 6TH
Austin Rangers batting - Pitching for Wizarding Express : LHP Jorge Cedeńo
Pinch Hitting: RHB Rodney Hanna 0-0: Called Strike
0-1: Swinging Strike
0-2: Foul Ball, location: 2F
0-2: Ball
1-2: Ball
2-2: Ball
3-2: Base on Balls
Pinch Hitting: RHB Joseph Gray 0-0: Bunted foul
0-1: Ball
1-1: Ball
Rodney Hanna is caught stealing 2nd base
2-1: Ball
3-1: Fly out, F9 (Flyball, 9)
Pinch Hitting: RHB Albert Delgado 0-0: Ball
1-0: SINGLE (Line Drive, 6M)
Pinch Hitting: LHB Enrique Sánchez 0-0: Called Strike
0-1: Ball
1-1: Ball
2-1: Ball
3-1: Foul Ball, location: 2F
3-2: Strikes out swinging
Bottom of the 6th over - 0 run(s), 1 hit(s), 0 error(s), 1 left on base; Wizarding 4 - Austin 8
TOP OF THE 7TH
Wizarding Express batting - Pitching for Austin Rangers : RHP Gavin Blackburn
Now at 1B: Enrique Sánchez
Now at SS: Joseph Gray
Now in CF: Rodney Hanna
Now in RF: Albert Delgado
Batting: RHB António Martínez 0-0: Ball
1-0: Called Strike
1-1: Foul Ball, location: 2F
1-2: Foul Ball, location: 2F
1-2: Ball
2-2: Ball
3-2: Foul Ball, location: 2F
3-2: DOUBLE (Line Drive, 7LM)
Pinch Hitting: LHB David Breitling 0-0: Called Strike
0-1: Ball
1-1: 2-RUN HOME RUN (Flyball, 9D), Distance : 367 ft
Pitching: RHP Mark Collingwood
Batting: LHB Ignacio Medine 0-0: Ball
1-0: Called Strike
1-1: Ball
2-1: Swinging Strike
2-2: Strikes out swinging
Pinch Hitting: RHB Rafael Durango 0-0: Ball
1-0: Swinging Strike
1-1: Ball
2-1: Swinging Strike
2-2: Foul Ball, location: 2F
2-2: Foul Ball, location: 2F
2-2: Strikes out swinging
Pinch Hitting: RHB Jesús Cisneros 0-0: Called Strike
0-1: SINGLE (Groundball, 56D)
Batting: LHB Kyung-chor Pang 0-0: Ball
1-0: Called Strike
Jesús Cisneros steals 2nd base
1-1: Foul Ball, location: 2F
1-2: Ground out U3 (Groundball, 3L)
Top of the 7th over - 2 run(s), 3 hit(s), 0 error(s), 1 left on base; Wizarding 6 - Austin 8
BOTTOM OF THE 7TH
Austin Rangers batting - Pitching for Wizarding Express : LHP Jorge Cedeńo
Now at SS: Rafael Durango
Now in LF: Jesús Cisneros
Now in RF: David Breitling
Batting: RHB Jeff Green 0-0: Foul Ball, location: 2F
0-1: Ground out 6-3 (Groundball, 6)
Batting: SHB Carlos Kramer 0-0: Called Strike
0-1: Called Strike
0-2: Ball
1-2: Foul Ball, location: 2F
1-2: Ball
2-2: SINGLE (Groundball, 25) (infield hit)
Pinch Hitting: RHB Yoshihito Samurakami 0-0: Ball
1-0: Called Strike
1-1: Ball
2-1: Ball
3-1: Base on Balls
Carlos Kramer to second
Pinch Hitting: SHB Ricardo Pérez 0-0: Ball
1-0: Foul Ball, location: 2F
1-1: Ball
Carlos Kramer steals 3rd base
Yoshihito Samurakami to second
2-1: Fly out, F4 (Popup, 4D)
Pinch Hitting: RHB Freddy Torres 0-0: SINGLE (Groundball, 6MD)
Carlos Kramer scores
Yoshihito Samurakami to third
Runner from 3rd tries for Home, SAFE, no throw
Pitching: LHP Dorian Daly
Batting: RHB Rodney Hanna 0-0: Ball
1-0: Ball
2-0: Called Strike
2-1: Ball
3-1: Swinging Strike
3-2: SINGLE (Groundball, 56D)
Freddy Torres to second
Freddy Torres to third
Batting: RHB Joseph Gray 0-0: Called Strike
0-1: Swinging Strike
0-2: Strikes out looking
Bottom of the 7th over - 2 run(s), 3 hit(s), 0 error(s), 2 left on base; Wizarding 6 - Austin 10
TOP OF THE 8TH
Wizarding Express batting - Pitching for Austin Rangers : RHP Mark Collingwood
Now at 1B: Yoshihito Samurakami
Now at 3B: Stefan Vanderhoof
Now at SS: Freddy Torres
Pinch Hitting: LHB John Brewer 0-0: Ball
1-0: Ball
2-0: Called Strike
2-1: Swinging Strike
2-2: Foul Ball, location: 2F
2-2: Strikes out swinging
Batting: RHB Roy Herring 0-0: Foul Ball, location: 2F
0-1: Ball
1-1: Foul Ball, location: 2F
1-2: Foul Ball, location: 2F
1-2: Ground out 6-3 (Groundball, 6S)
Batting: RHB Turner Coleman 0-0: Ball
1-0: Ball
2-0: Ball
3-0: Called Strike
3-1: Base on Balls
Batting: RHB António Martínez 0-0: Ball
1-0: Foul Ball, location: 2F
1-1: Ball
2-1: 2-RUN HOME RUN (Flyball, 7D), Distance : 386 ft
Batting: LHB David Breitling 0-0: Called Strike
0-1: Ball
1-1: Ball
2-1: DOUBLE (Flyball, 7LM)
Pitching: RHP Dan Hobbs
Batting: LHB Ignacio Medine 0-0: Foul Ball, location: 2F
0-1: Ball
1-1: SINGLE (Groundball, 4MD)
David Breitling to third
Runner from 3rd tries for Home, SAFE, no throw
Batting: RHB Rafael Durango 0-0: Ball
1-0: Ball
2-0: Called Strike
2-1: SINGLE (Line Drive, 78M)
Ignacio Medine to second
Batting: RHB Jesús Cisneros 0-0: Ball
1-0: Swinging Strike
1-1: Swinging Strike
1-2: Ball
2-2: Foul Ball, location: 2F
2-2: Ball
3-2: Strikes out swinging
Top of the 8th over - 3 run(s), 4 hit(s), 0 error(s), 2 left on base; Wizarding 9 - Austin 10
BOTTOM OF THE 8TH
Austin Rangers batting - Pitching for Wizarding Express : LHP Dorian Daly
Now at 1B: John Brewer
Batting: RHB Albert Delgado 0-0: Ball
1-0: Called Strike
1-1: Foul Ball, location: 2F
1-2: Strikes out looking
Batting: LHB Enrique Sánchez 0-0: Called Strike
0-1: Ball
1-1: Ball
2-1: Ground out 5-3 (Groundball, 56)
Batting: RHB Jeff Green 0-0: Ball
1-0: Ball
2-0: Called Strike
2-1: Foul Ball, location: 2F
2-2: Ball
3-2: Strikes out swinging
Bottom of the 8th over - 0 run(s), 0 hit(s), 0 error(s), 0 left on base; Wizarding 9 - Austin 10
TOP OF THE 9TH
Wizarding Express batting - Pitching for Austin Rangers : RHP Dan Hobbs
Pitching: RHP Júlio Rodríguez
Batting: LHB Kyung-chor Pang 0-0: Swinging Strike
0-1: Called Strike
0-2: Strikes out swinging
Batting: LHB John Brewer 0-0: Ball
1-0: Swinging Strike
1-1: Called Strike
1-2: Ground out 4-3 (Groundball, 4)
Batting: RHB Roy Herring 0-0: Ball
1-0: Called Strike
1-1: Foul Ball, location: 2F
1-2: Foul Ball, location: 2F
1-2: Strikes out swinging
Top of the 9th over - 0 run(s), 0 hit(s), 0 error(s), 0 left on base; Wizarding 9 - Austin 10
Saturday, May 26th, 2018 - OOTP Baseball 17.12 Build 75